Map: Submarine LE

Players

LiquidClem (Clem) - Winner!

  • Race: Terran Terran
  • League: Master
  • Spawn Location: 11:00

Kas

  • Race: Terran Terran
  • League: Grandmaster
  • Spawn Location: 5:00

Event: DreamHack SC2 Masters 2020 Summer Europe

VOD

Have the link to the VOD?

Description

Time

  • Played on: July 1, 2020, 10:58 a.m.
  • Length: 18:00

All games in this series

Show
View Real Time Build Order
Export as new Build Order

LiquidClem Terran - Winner!

Build Orders:  

Get SALT Encoding   

  12  0:00  SCV  
  13  0:12  SCV  
  14  0:17  Supply Depot  
  14  0:24  SCV  
  14  0:27  Refinery  
  15  0:38  SCV  
  16  0:44  Barracks  
  16  0:50  SCV  
  16  0:55  Refinery  
  17  1:02  SCV  
  18  1:14  SCV  
  19  1:30  Orbital Command  
  19  1:31  Reaper  
  20  1:35  Factory  
  20  1:47  Supply Depot  
  20  1:56  SCV  
  21  2:03  Reaper  
  21  2:08  SCV  
  23  2:19  Hellion  
  23  2:20  SCV  
  26  2:29  Command Center  
  26  2:33  SCV  
  26  2:36  Reaper  
  28  2:41  Hellion  
  30  2:44  Supply Depot  
  30  2:52  Starport  
  30  2:54  SCV  
  31  3:03  Factory Tech Lab  
  31  3:06  SCV  
  31  3:09  Barracks Tech Lab  
  32  3:18  SCV  
  33  3:22  Cyclone  
  33  3:24  Refinery  
  36  3:30  SCV  
  36  3:41  Orbital Command  
  36  3:42  SCV  
  36  3:43  Raven  
  39  3:55  SCV  
  40  3:58  Cyclone  
  40  4:00  Supply Depot  
  43  4:07  Barracks Reactor, SCV x2  
  45  4:19  SCV x2, Supply Depot  
  47  4:28  Raven  
  47  4:31  SCV x2  
  50  4:33  Command Center  
  51  4:40  Supply Depot  
  51  4:43  Siege Tank  
  51  4:44  Marine  
  51  4:45  Marine  
  56  4:49  SCV x2  
  57  5:01  SCV x2  
  61  5:13  SCV, Barracks x2  
  61  5:14  SCV  
  61  5:20  Viking x2  
  64  5:22  Marine  
  64  5:25  SCV  
  64  5:26  SCV  
  64  5:27  Refinery  
  66  5:31  Siege Tank  
  69  5:37  SCV  
  69  5:39  Supply Depot  
  69  5:41  Stimpack  
  69  5:42  Marine  
  71  5:44  SCV  
  71  5:48  Orbital Command  
  72  5:56  Viking  
  74  5:57  Viking  
  74  6:00  Marine  
  74  6:02  Barracks Reactor  
  74  6:03  Barracks Reactor  
  77  6:08  SCV x2  
  79  6:11  Orbital Command  
  79  6:14  Siege Tank  
  79  6:18  Marine  
  84  6:22  SCV, Engineering Bay x2  
  84  6:23  SCV  
  84  6:29  Viking  
  86  6:35  Viking, Marine  
  86  6:37  SCV  
  86  6:42  Supply Depot  
  86  6:43  Marine x2  
  86  6:44  Marine  
  86  6:46  Marine  
  90  6:47  SCV  
  90  6:48  SCV  
  90  6:52  Siege Tank  
  90  6:53  Marine  
  96  6:57  Refinery  
  96  7:01  Marine  
  93  7:04  Marine  
  93  7:06  Viking, Marine  
  93  7:07  SCV x2  
  88  7:12  Marine  
  88  7:13  SCV  
  81  7:18  Marine  
  81  7:22  Sensor Tower  
  82  7:25  Combat Shield  
  82  7:27  Marine, Barracks  
  82  7:28  Marine, Barracks  
  84  7:33  Siege Tank  
  84  7:35  Marine x2  
  89  7:38  SCV  
  89  7:39  SCV  
  89  7:45  Marine  
  89  7:49  Marine  
  89  7:50  SCV  
  93  7:51  SCV  
  93  7:53  SCV  
  93  7:55  Marine  
  93  7:56  Supply Depot  
  94  7:59  Medivac  
  94  8:02  Marine x2  
  94  8:03  SCV x2  
  102  8:07  Refinery  
  102  8:08  SCV, Refinery  
  103  8:13  Siege Tank  
  103  8:15  Supply Depot  
  103  8:17  Barracks Reactor  
  103  8:19  Barracks Reactor  
  107  8:20  SCV  
  107  8:22  SCV  
  107  8:23  SCV  
  107  8:25  Terran Infantry Weapons Level 1, Terran Infantry Armor Level 1  
  107  8:28  Marine x4  
  107  8:29  Marine  
  107  8:33  Medivac  
  114  8:36  SCV x2  
  114  8:37  Supply Depot  
  114  8:39  Medivac  
  118  8:42  Supply Depot  
  118  8:44  SCV  
  118  8:46  Marine  
  118  8:48  SCV  
  121  8:49  Marine x2  
  121  8:52  Marine  
  121  8:54  SCV, Supply Depot  
  125  8:59  Marine x5, Siege Tank  
  133  9:04  Supply Depot  
  133  9:08  Armory  
  131  9:10  Command Center, Marine  
  131  9:11  Marine  
  131  9:15  Marine  
  131  9:16  Marine  
  131  9:17  Marine  
  135  9:19  Marine x3  
  139  9:24  Medivac  
  139  9:28  Marine  
  139  9:31  Supply Depot  
  142  9:35  Factory, Siege Tank  
  142  9:36  Marine x2  
  142  9:37  Missile Turret  
  142  9:38  Missile Turret  
  147  9:41  Marine x2  
  147  9:42  Marine x2  
  147  9:43  Marine  
  147  9:44  Supply Depot  
  147  9:45  Barracks Reactor  
  152  9:46  Marine  
  153  9:54  Marine x2  
  153  9:56  Supply Depot  
  153  9:59  Viking x2, Marine  
  160  10:03  Terran Vehicle Weapons Level 1, Supply Depot, Marine x3  
  160  10:04  Marine  
  164  10:11  Marine  
  164  10:12  Supply Depot, Marine  
  164  10:13  Marine  
  167  10:14  Siege Tank  
  167  10:17  Marine  
  170  10:24  Terran Infantry Armor Level 2, Terran Infantry Weapons Level 2  
  170  10:28  Marine x2  
  145  10:29  Marine x2  
  145  10:31  Siege Tank  
  145  10:33  Marine x2  
  148  10:41  Medivac x2, Marine x3  
  148  10:42  Marine  
  156  10:46  Marine x2  
  158  10:50  SCV x3  
  158  10:53  Planetary Fortress  
  158  10:56  Marine  
  162  11:02  SCV  
  162  11:03  Marine x2  
  162  11:04  Marine  
  162  11:05  Sensor Tower  
  162  11:06  Siege Tank  
  162  11:07  Marine  
  162  11:08  SCV  
  162  11:10  Marine  
  169  11:15  Siege Tank  
  169  11:17  Marine x3  
  169  11:18  Refinery x2  
  175  11:19  Marine  
  175  11:21  SCV x3  
  175  11:22  Marine  
  180  11:31  Barracks  
  180  11:32  Barracks  
  179  11:33  Barracks  
  179  11:36  Marine  
  179  11:38  Marine x2, Siege Tank  
  179  11:39  Marine x2  
  168  11:40  Marine  
  162  11:48  Liberator  
  162  11:49  Viking  
  162  11:53  Marine, Siege Tank  
  162  11:54  Marine  
  172  11:55  Marine x3  
  172  11:56  Marine  
  172  12:00  SCV  
  172  12:01  SCV x2  
  179  12:03  Marine  
  179  12:07  Terran Vehicle Weapons Level 2  
  180  12:10  Marine  
  181  12:17  Siege Tank  
  181  12:19  Viking  
  181  12:20  Marine  
  181  12:21  Marine  
  187  12:28  Marine x2  
  189  12:31  Viking, Barracks Reactor x3  
  189  12:32  Command Center  
  191  12:42  Terran Infantry Weapons Level 3, Terran Infantry Armor Level 3  
  190  12:51  Command Center  
  190  12:52  Siege Tank  
  190  12:53  Marine  
  190  12:54  Marine x3  
  191  13:04  Liberator  
  187  13:05  Siege Tank  
  187  13:09  Marine x2  
  189  13:17  Marine  
  189  13:19  Marine x10  
  198  13:23  Marine  
  198  13:26  Marine  
  200  13:33  Starport, Fusion Core  
  197  13:34  Marine x2  
  197  13:36  Marine  
  198  13:44  Marine x2  
  198  13:47  Marine  
  198  13:48  Marine, Siege Tank  
  192  13:54  Command Center, Marine x3  
  195  13:57  Marine x2, Siege Tank  
  195  14:00  Marine x2  
  199  14:03  Marine  
  194  14:13  Marine x2  
  194  14:16  Viking  
  194  14:17  Viking, Marine x4  
  186  14:19  Sensor Tower  
  189  14:28  Marine x3  
  189  14:29  Marine  
  189  14:30  Refinery  
  193  14:32  Marine  
  193  14:34  Planetary Fortress  
  190  14:39  Marine x2, Siege Tank  
  190  14:40  Marine  
  190  14:43  Marine x2  
  185  14:49  Terran Vehicle And Ship Armor Level 1  
  182  14:53  Viking  
  182  14:55  Supply Depot  
  182  14:58  Marine x4, Siege Tank  
  191  15:00  Marine  
  191  15:01  Marine  
  193  15:11  Command Center  
  193  15:13  Marine  
  194  15:23  Liberator  
  194  15:24  Starport Reactor  
  194  15:28  Viking  
  199  15:33  Marine  
  200  15:42  Missile Turret  
  196  15:43  Siege Tank  
  196  15:46  Missile Turret  
  196  15:49  Refinery  
  197  15:50  Refinery  
  197  15:57  Medivac  
  199  16:11  Command Center  
  199  16:13  Command Center  
  199  16:14  Siege Tank  
  199  16:15  Marine x3  
  199  16:16  Marine, Siege Tank  
  196  16:20  Marine  
  196  16:21  Liberator  
  196  16:23  Marine  
  200  16:28  Advanced Ballistics  
  197  16:33  Planetary Fortress  
  197  16:39  Marine  
  189  16:46  Siege Tank  
  188  16:48  Siege Tank  
  188  16:51  Liberator  
  188  16:52  Marine  
  188  16:53  Marine x3  
  196  16:55  Marine  
  196  16:56  Marine x6  
  196  16:57  Marine  
  196  17:00  Medivac  
  199  17:15  Viking  
  199  17:18  Siege Tank  
  199  17:23  Siege Tank  
  199  17:24  Marine x3  
  199  17:26  Orbital Command  
  195  17:34  Orbital Command  
Show
View Real Time Build Order
Export as new Build Order

Kas Terran 

Build Orders: Cyclone Opening 

Get SALT Encoding   

  12  0:00  SCV  
  13  0:12  SCV  
  14  0:17  Supply Depot  
  14  0:24  SCV  
  14  0:27  Refinery  
  15  0:38  SCV  
  16  0:45  Barracks  
  16  0:50  SCV  
  16  0:54  Refinery  
  17  1:02  SCV  
  18  1:14  SCV  
  19  1:32  Orbital Command, Factory  
  19  1:34  Reaper  
  20  1:45  Supply Depot  
  20  1:57  SCV  
  21  2:06  Reaper  
  22  2:10  SCV  
  23  2:16  Hellion  
  23  2:22  SCV  
  26  2:27  Command Center  
  26  2:34  SCV  
  27  2:37  Factory Tech Lab  
  27  2:38  Barracks Reactor  
  27  2:46  SCV  
  27  2:48  Supply Depot  
  28  2:55  Cyclone  
  31  3:02  Starport  
  31  3:10  SCV  
  32  3:14  Marine x2  
  34  3:22  SCV  
  35  3:27  Refinery  
  34  3:36  SCV  
  34  3:38  Marine  
  36  3:42  Factory Tech Lab  
  36  3:46  Orbital Command  
  36  3:49  Raven  
  36  3:50  Marine  
  36  3:51  SCV  
  40  3:58  Marine  
  40  4:00  Siege Tank  
  44  4:05  SCV  
  44  4:09  Supply Depot, Marine  
  46  4:13  SCV  
  46  4:15  Marine  
  48  4:20  SCV  
  49  4:24  Supply Depot  
  49  4:25  SCV  
  50  4:32  SCV, Siege Tank  
  50  4:37  SCV  
  55  4:40  Viking, Marine  
  55  4:43  Viking  
  55  4:45  SCV  
  61  4:52  SCV  
  62  4:58  SCV  
  62  4:59  Marine  
  64  5:02  Combat Shield  
  64  5:04  Siege Tank  
  66  5:10  SCV  
  66  5:12  Viking  
  66  5:13  SCV  
  70  5:15  Supply Depot x2  
  70  5:23  SCV, Marine  
  70  5:24  Viking  
  70  5:26  SCV  
  75  5:35  SCV  
  74  5:38  Supply Depot x2  
  74  5:39  SCV  
  73  5:45  Viking  
  73  5:46  Siege Tank  
  78  5:55  SCV  
  78  5:56  Viking  
  81  5:57  SCV  
  82  6:06  Marine  
  82  6:07  SCV  
  82  6:11  SCV  
  85  6:13  Supply Depot  
  85  6:16  Liberator  
  88  6:19  SCV  
  89  6:28  SCV  
  89  6:29  Marine  
  90  6:34  Viking  
  88  6:43  Command Center  
  88  6:48  SCV, Marine  
  88  6:49  Siege Tank  
  91  7:06  Marine  
  75  7:09  Viking x2  
  75  7:10  SCV  
  75  7:14  SCV  
  65  7:15  Stimpack  
  65  7:17  Barracks x2  
  63  7:24  Engineering Bay, Marine, Siege Tank  
  63  7:26  Engineering Bay  
  63  7:28  SCV x2, Refinery  
  69  7:40  SCV  
  69  7:41  SCV  
  69  7:42  Marine  
  72  7:50  Starport Reactor  
  72  7:51  Barracks x2  
  72  7:52  SCV  
  72  7:53  SCV  
  72  7:54  Terran Infantry Weapons Level 1, Terran Infantry Armor Level 1  
  72  7:55  Orbital Command  
  71  8:00  Marine  
  71  8:01  Refinery  
  71  8:05  SCV  
  73  8:06  Barracks Reactor x2  
  73  8:07  SCV  
  74  8:13  Refinery  
  74  8:17  SCV  
  74  8:18  Marine  
  74  8:19  Siege Tank  
  79  8:20  SCV  
  79  8:22  SCV  
  81  8:29  SCV  
  81  8:30  Viking x2  
  86  8:34  Command Center  
  86  8:35  SCV, Marine  
  86  8:36  SCV  
  86  8:39  Barracks Reactor  
  86  8:40  Marine x2  
  91  8:43  SCV  
  91  8:46  Marine x2  
  91  8:47  Supply Depot, Marine  
  95  8:49  Supply Depot  
  95  8:52  Marine  
  95  8:53  Marine, Siege Tank  
  95  8:54  SCV  
  101  8:58  Missile Turret, Marine x2  
  101  9:00  SCV x2  
  101  9:01  Missile Turret  
  105  9:04  Marine x3  
  105  9:07  Armory  
  108  9:11  Marine  
  108  9:14  Medivac x2  
  108  9:16  Marine  
  109  9:18  SCV x2  
  109  9:19  SCV, Marine x2  
  109  9:20  Marine x2  
  109  9:21  Marine  
  116  9:24  Marine x2  
  116  9:28  Siege Tank  
  116  9:29  Marine  
  116  9:30  SCV x2  
  124  9:33  Marine  
  124  9:36  Sensor Tower  
  124  9:37  Marine x2  
  124  9:38  Marine x2  
  127  9:39  Marine  
  127  9:42  Marine x2  
  132  9:45  Medivac  
  132  9:47  Medivac  
  132  9:51  Marine  
  137  9:53  SCV x2  
  137  9:54  SCV  
  137  9:58  Marine x2, Factory  
  142  10:01  Terran Infantry Weapons Level 2  
  142  10:02  Terran Infantry Armor Level 2  
  142  10:10  Barracks Reactor  
  142  10:16  Marine x3  
  142  10:18  Marine  
  123  10:33  Marine x5  
  123  10:34  Marine x2, Siege Tank  
  123  10:35  Medivac x2  
  130  10:36  Marine  
  130  10:38  SCV x2  
  133  10:43  Siege Tank  
  133  10:44  Supply Depot x2  
  133  10:45  Marine  
  133  10:46  Marine  
  138  10:51  Marine x6  
  144  10:58  Marine x2  
  144  11:03  Marine x2  
  148  11:04  Planetary Fortress  
  148  11:06  SCV x3  
  148  11:09  Marine x6  
  157  11:13  Siege Tank  
  157  11:16  Marine x2  
  162  11:21  Marine x2  
  164  11:26  Marine  
  164  11:27  Marine x5  
  170  11:34  Marine x2  
  170  11:39  Marine x2  
  151  11:44  Viking x2, Marine x3  
  151  11:45  Siege Tank  
  151  11:49  Marine x2  
  151  11:50  Marine  
  151  11:51  Siege Tank  
  151  11:52  Marine x2  
  159  11:57  Marine x2  
  161  12:01  SCV  
  161  12:02  Marine x3, Sensor Tower  
  165  12:11  Marine x3  
  168  12:17  Siege Tank  
  168  12:19  Terran Infantry Weapons Level 3, Command Center  
  171  12:24  Marine  
  171  12:26  Viking x2  
  171  12:38  Marine x2  
  171  12:43  Marine x8  
  180  12:56  Marine x2  
  174  13:01  Marine x3  
  174  13:04  Marine x2  
  171  13:07  Marine x2  
  171  13:08  Marine  
  170  13:13  Marine  
  170  13:14  Siege Tank  
  170  13:18  Marine  
  172  13:23  Marine x3  
  172  13:26  Marine  
  172  13:32  Supply Depot x2  
  172  13:34  Terran Infantry Armor Level 3  
  167  13:35  Supply Depot  
  167  13:36  Supply Depot  
  166  13:42  Marine x2  
  166  13:44  Marine x2  
  166  13:46  Siege Tank  
  162  13:49  Marine  
  162  13:51  Marine  
  162  13:59  Marine  
  151  14:10  Marine x3  
  151  14:13  Orbital Command  
  151  14:16  Medivac x2, Marine x4, Siege Tank  
  151  14:20  Marine  
  151  14:22  Command Center  
  152  14:24  Marine x2  
  152  14:28  Marine x2  
  156  14:35  Marine  
  135  14:42  SCV  
  135  14:43  SCV  
  135  14:45  Marine x2  
  131  14:48  Siege Tank  
  131  14:49  Siege Tank  
  137  14:54  SCV, Marine  
  139  15:17  Marine x10  
  139  15:18  Medivac x2  
  139  15:20  Siege Tank  
  156  15:34  Orbital Command, Marine  
  156  15:35  Marine x5  
  161  15:36  Marine x4  
  162  15:50  Missile Turret  
  162  15:51  Viking x2, Siege Tank  
  162  15:52  Marine x2  
  162  15:53  Marine x4  
  162  15:54  Marine x3  
  162  15:55  Marine  
  179  15:57  Terran Vehicle Weapons Level 1, Sensor Tower  
  179  16:16  Marine x2  
  172  16:19  Marine  
  140  16:40  Marine  
  140  16:43  Marine  
  138  16:48  Marine, Siege Tank  
  138  16:49  Medivac, Refinery  
  138  16:52  Marine  
  144  16:57  Barracks  
  144  16:58  Factory, Barracks x3  
  144  16:59  Marine  
  144  17:00  Starport  
  136  17:11  Marine x2  
  136  17:15  Marine x2  
  140  17:18  Marine x2  
  140  17:19  Medivac  
  144  17:29  Marine  
  145  17:36  Marine  
  145  17:37  Marine  
Tags
 
Add a new tag
Caveats
  • Supply blocks, unpowered buildings, or Contaminate may cause inaccurate times.
  • Supply counts are checked every 10 seconds.